 Dungeon Crawl Stone Soup version 0.31-a0-210-gccc998df9b (webtiles) character file.

Game seed: 17582162632500859773

252 qw the Shooter (level 6, 0/37 HPs)
             Began as a Gargoyle Hexslinger on June 29, 2023.
             Was an Initiate of Okawaru.
             Slain by a scorpion (1 damage)
             ... on level 4 of the Dungeon.
             The game lasted 00:01:02 (2222 turns).

qw the Shooter (Gargoyle Hexslinger)                Turns: 2222, Time: 00:01:02

Health: 0/37       AC: 11    Str: 12    XL:     6   Next: 13%
Magic:  7/7        EV: 10    Int: 13    God:    Okawaru [......]
Gold:   3          SH:  0    Dex: 14    Spells: 6/7 levels left

rFire   + . .        Y - +1 sling (freeze)
rCold   . . .        (no shield)
rNeg    + . .        h - +0 ring mail
rPois   inf          e - +2 hat
rElec   +            (no cloak)
rCorr   .            (no gloves)
SInv    .            (no boots)
Will    .....        (no amulet)
Stlth   +            b - ring of protection from fire
HPRegen 0.26/turn    (no ring)
MPRegen 0.10/turn

%: no passive effects
@: no status effects
A: sickness immunity, AC +4, negative energy resistance 1, electricity
resistance, torment resistance 1, petrification resistance
a: Renounce Religion


You were on level 4 of the Dungeon.
You worshipped Okawaru.
Okawaru was noncommittal.
You visited 1 branch of the dungeon, and saw 4 of its levels.

You collected 100 gold pieces.
You spent 97 gold pieces at shops.


Innate Abilities, Weirdness & Mutations

You are immune to sickness and miasma.
Your stone body is resilient. (AC +4)
You are immune to poison.
You resist negative energy. (rN+)
You are resistant to electric shocks. (rElec)
You are resistant to unholy torment.
You are immune to petrification.


   Skills:
 - Level 3.0 Fighting
 + Level 5.3 Ranged Weapons
 - Level 1.6 Armour
 - Level 1.5 Dodging
 - Level 1.0 Spellcasting
 - Level 2.6 Hexes


You had 6 spell levels left.
You knew the following spells:

 Your Spells              Type           Power      Damage    Failure   Level
a - Slow                  Hex            28%        N/A       21%         1

Your spell library contained the following spells:

 Spells                   Type           Power      Damage    Failure   Level
 Inner Flame              Hex/Fire       4%         N/A       71%         3
 Portal Projectile        Hex/Tloc       8%         N/A       71%         3
 Cause Fear               Hex            3%         N/A       90%         4

Inventory:

Hand Weapons
 Y - a +1 sling of freezing (weapon)
Armour
 e - a +2 hat (worn)
 h - a +0 ring mail (worn)
Jewellery
 b - a ring of protection from fire (left hand)
Scrolls
 d - a scroll of enchant armour
 g - a scroll of identify
Potions
 c - a potion of haste
 l - a potion of might {unknown}
 m - a potion of lignification {unknown}

Dungeon Overview and Level Annotations

Branches:
Dungeon (4/15)
 Temple: D:4-7

Altars:
Okawaru

Shops:
D:3 ?

Annotations:
D:2 1 runed translucent door, Crazy Yiuf


Message History

The scorpion closely misses you. The endoplasm freezes you.
You are frozen.
Something hits you.
You shoot a sling bullet.
The sling bullet closely misses the scorpion.
The scorpion stings you but does no damage.
The orc priest looks braver for a moment.
A sky beast appears from thin air!
Reactivating autopickup.
The endoplasm hits you.
You hear some strange, mumbled words.
A puff of flame appears from out of thin air!
Deactivating autopickup; reactivate with Ctrl-A.
The puff of flame hits you. You resist.
The scorpion stings you but does no damage.
You shoot a sling bullet. The sling bullet hits the scorpion.
The sling bullet freezes the scorpion.
The scorpion is moderately wounded.
The endoplasm barely misses you. Something hits you.
An adder comes into view.
The scorpion barely misses you. The endoplasm barely misses you.
Something hits you but does no damage.
You shoot a sling bullet.
The sling bullet closely misses the scorpion.
The adder hisses angrily.
The scorpion barely misses you.
The sky beast flickers out of sight!
The endoplasm barely misses you.
You hear some strange, mumbled words.
Something tries to affect you, but you resist.
The scorpion stings you.
You shoot a sling bullet.
The sling bullet barely misses the scorpion.
The scorpion closely misses you. The endoplasm freezes you.
You are frozen.
Something hits you but does no damage.
You shoot a sling bullet. The sling bullet hits the scorpion.
The sling bullet freezes the scorpion.
The scorpion is heavily wounded.
The scorpion stings you.
You die...

.. #..#####.<......
#.# #.....##..%.....
.. #.......#.#.####
#. #.......#.#..#
#.##.......#..#.#
#..###.#....#.#.#
#.#####.#.....##...#
.
.....Bs{..#.########
.#
#...h{J@...........
....oo#############
.###. .. #. #. [


You could see a scorpion, a hound, an orc priest, an orc, an endoplasm and a
giant cockroach.

Vanquished Creatures
  An orc priest (D:3)
  Jessica (D:3)
  An iguana (D:4)
  An orc wizard (D:3)
  3 gnolls (D:2)
  5 adders
  A worm (D:2)
  3 dart slugs
  4 orcs (D:3)
  5 endoplasms
  5 goblins
  9 hobgoblins
  2 kobolds
  4 quokkas
  9 ball pythons
  5 bats
  3 frilled lizards (D:1)
  6 rats
68 creatures vanquished.

Notes
Turn   | Place    | Note
-------+----------+-------------------------------------------
     0 | D:1      | qw the Gargoyle Hexslinger began the quest for the Orb.
     0 | D:1      | Reached XP level 1. HP: 12/12 MP: 2/2
     0 | D:1      | 0 ||| qw: Version: 0.3-a-24-ga2abf7b
     0 | D:1      | 0 ||| qw: Game counter: 6930
     0 | D:1      | 0 ||| qw: Melee chars always use a shield: true
     0 | D:1      | 0 ||| qw: God list: Okawaru
     0 | D:1      | 0 ||| qw: Allow faded altars: false
     0 | D:1      | 0 ||| qw: Do Orc after clearing Dungeon:15 true
     0 | D:1      | 0 ||| qw: Do second Lair branch before Depths: true
     0 | D:1      | 0 ||| qw: Lair rune preference: random
     0 | D:1      | 0 ||| qw: Goals: Normal
     0 | D:1      | 0 ||| PLANNING D:1-11
   242 | D:1      | Reached XP level 2. HP: 13/16 MP: 3/3
   486 | D:1      | Reached skill level 3 in Ranged Weapons
   635 | D:1      | 635 ||| UPGRADING to +2 hat.
   640 | D:1      | 640 ||| UPGRADING to +0 leather armour.
   650 | D:1      | 650 ||| DROPPING +0 robe.
   651 | D:1      | 651 ||| READING scroll labelled WUEF ARUFI.
   652 | D:1      | 652 ||| READING 3 scrolls labelled SURGHAOS VOQU.
   653 | D:1      | 653 ||| READING 2 scrolls labelled QEG NAMUOS.
   658 | D:1      | 658 ||| READING scroll labelled ZISAW BOETAIM.
   659 | D:1      | 659 ||| READING scroll labelled BIXZEOBB SIRITRO.
   660 | D:1      | 660 ||| READING 2 scrolls of identify.
   660 | D:1      | 660 ||| IDENTIFYING glowing ruby potion
   661 | D:1      | 661 ||| DROPPING scroll of poison.
   662 | D:1      | 662 ||| DROPPING potion of magic.
   696 | D:2      | 696 ||| STAIRDANCE
   702 | D:1      | HP: 2/16 [frozen (4)]
   703 | D:1      | Reached XP level 3. HP: 3/21 MP: 4/4
   703 | D:1      | 703 ||| READING scroll of teleportation.
   935 | D:2      | HP: 5/21 [gnoll/+0 club (5)]
   942 | D:2      | HP: 4/21 [gnoll/+0 club (2)]
   946 | D:2      | Reached XP level 4. HP: 6/26 MP: 5/5
  1038 | D:2      | Found an iron altar of Okawaru.
  1039 | D:2      | 1039 ||| PLANNING OKAWARU WORSHIP
  1039 | D:2      | 1039 ||| READING scroll labelled UVAUBRUIGU.
  1047 | D:2      | Became a worshipper of Warmaster Okawaru
  1048 | D:2      | 1048 ||| PLANNING D:1-11
  1087 | D:2      | Found a runed translucent door.
  1088 | D:2      | Noticed Crazy Yiuf
  1147 | D:2      | Reached skill level 4 in Ranged Weapons
  1490 | D:2      | 1490 ||| READING scroll labelled XYGHUT DOAX.
  1491 | D:2      | 1491 ||| READING scroll labelled UGOCLI TIYXEPN.
  1492 | D:2      | 1492 ||| READING scroll labelled ANIUSAAREJ.
  1512 | D:2      | 1512 ||| READING scroll labelled VARAS TUPRO.
  1554 | D:3      | Noticed Jessica
  1558 | D:3      | Killed Jessica
  1559 | D:3      | Reached XP level 5. HP: 30/30 MP: 6/6
  1645 | D:3      | Reached skill level 5 in Ranged Weapons
  1687 | D:3      | Found Yqefieh's Magic Scroll Boutique.
  1694 | D:3      | 1694 ||| SHOPLISTING scroll of acquirement (676 gold, have
                  | 100).
  1694 | D:3      | 1694 ||| BUYING scroll of enchant armour (97 gold).
  1694 | D:3      | Bought a scroll of enchant armour for 97 gold pieces
  1694 | D:3      | 1694 ||| SHOPLISTING scroll of identify (26 gold, have 3).
  2013 | D:3      | 2013 ||| Stepping ~*~*~tactically~*~*~ (outnumbered).
  2020 | D:3      | Reached skill level 3 in Fighting
  2143 | D:3      | 2143 ||| UPGRADING to +0 ring mail.
  2153 | D:3      | 2153 ||| DROPPING +0 leather armour.
  2154 | D:3      | 2154 ||| UPGRADING to ring of protection from fire.
  2155 | D:3      | 2155 ||| READING scroll labelled BAKOGE LA MOTT.
  2156 | D:3      | 2156 ||| READING 2 scrolls of identify.
  2156 | D:3      | 2156 ||| IDENTIFYING amethyst potion
  2173 | D:4      | Reached XP level 6. HP: 35/37 MP: 7/7
  2200 | D:4      | Noticed a sky beast
  2209 | D:4      | Reached skill level 1 in Armour
  2217 | D:4      | HP: 8/37 [something (2)]
  2219 | D:4      | HP: 3/37 [something (2)]
  2220 | D:4      | HP: 1/37 [scorpion (2)]
  2222 | D:4      | Slain by a scorpion

Levels and vault maps discovered:
D:1:      dpeg_arrival_rooms_with_view, layout_loops_cross
D:2:      minmay_chambers_of_ones, layout_rooms, basic_altar, minmay_tromino_i4,
          uniq_crazy_yiuf_cottage
D:3:      layout_basic, serial_shops, shop, kennysheep_cluttered_room,
          uniq_jessica
D:4:      layout_rooms, minmay_temple_entry_enclosed_plants,
          ebering_ghost_rock_garden, chequers_garden, chequers_big_river,
          roderic_batcave, minmay_manual_mail

Skill      XL: |  1  2  3  4  5  6 |
---------------+-------------------+-----
Ranged Weapons | 3 4 5 |  5.3
Fighting       | 2 3 |  3.0
Armour         | 1 |  1.6
Dodging        | |  1.5
Spellcasting   | |  1.0
Hexes          | |  2.6

Action                     |  1- 3 |  4- 6 || total
---------------------------+-------+-------++-------
   Fire: Sling             |    90 |   142 ||   232
    Use: Scroll            |     7 |     7 ||    14
 Armour: Robe              |     9 |       ||     9
         Leather armour    |    31 |    30 ||    61
         Ring mail         |       |    16 ||    16
  Dodge: Dodged            |    50 |    45 ||    95

Table legend:
 A = Non-vault XP
 B = Vault XP
 C = Vault XP percentage of total XP
 D = Non-vault monster count
 E = Vault monster count
 F = Vault count percentage of total count
                 A         B        C        D         E       F
            +---------+---------+-------+---------+---------+-------
      Total |     259 |     101 |  28.1 |      55 |      13 |  19.1
            +---------+---------+-------+---------+---------+-------
        D:1 |      38 |       4 |   9.5 |      16 |       2 |  11.1
        D:2 |      83 |      24 |  22.4 |      18 |       9 |  33.3
        D:3 |     121 |      37 |  23.4 |      18 |       1 |   5.3
        D:4 |      17 |      36 |  67.9 |       3 |       1 |  25.0
            +---------+---------+-------+---------+---------+-------
